 Dungeon Crawl Stone Soup version 0.24-a0-584-g9d6b971ae4 (webtiles) character file.

Game seed: 8241256834812500981, levelgen mode: deterministic

32 DEFE the Cudgeler (level 3, -2/31 HPs)
             Began as a Draconian Fighter on Aug 30, 2019.
             Slain by an adder (5 damage)
             ... on level 2 of the Dungeon.
             The game lasted 00:01:00 (890 turns).

DEFE the Cudgeler (Draconian Fighter)                Turns: 890, Time: 00:01:01

Health: -2/31      AC:  6    Str: 19    XL:     3   Next: 10%
Magic:  3/3        EV: 10    Int:  8    God:
Gold:   40         SH:  9    Dex: 10    Spells: 2/2 levels left

rFire    . . .     SeeInvis .   a - +0 flail
rCold    . . .     Gourm    .   b - +0 shield
rNeg     . . .     Faith    .   (armour unavailable)
rPois    .         Spirit   .   (helmet restricted)
rElec    .         Reflect  .   f - +0 cloak
rCorr    .         Harm     .   (no gloves)
MR       .....                  (no boots)
Stlth    +.........             (no amulet)
HPRegen  0.10/turn              (no ring)
MPRegen  0.08/turn              (no ring)

@: lethally poisoned (-2 -> -4)
A: unfitting armour, cold-blooded, AC +5
a: no special abilities


You were on level 2 of the Dungeon.
You were not hungry.

You visited 1 branch of the dungeon, and saw 2 of its levels.

You collected 40 gold pieces.

Inventory:

Hand Weapons
 a - a +0 flail (weapon)
 e - a +0 dagger
Missiles
 g - 3 curare-tipped darts (quivered)
Armour
 b - a +0 shield (worn)
 f - a +0 cloak (worn)
Scrolls
 i - a scroll of teleportation {unknown}
 k - a scroll of identify {unknown}
Potions
 c - a potion of might
 h - a potion of brilliance
 j - a potion of flight {unknown}
Comestibles
 d - 2 rations


   Skills:
 - Level 3.2 Fighting
 + Level 3.6 Maces & Flails
 - Level 2.6 Dodging
 - Level 3.0 Shields


You had 2 spell levels left.
You didn't know any spells.
Your spell library was empty.

Dungeon Overview and Level Annotations

Branches:
Dungeon (1/15)

Altars:


Innate Abilities, Weirdness & Mutations

Your plain brown scales are hard. (AC +5)
You cannot fit into any form of body armour.
You are cold-blooded and may be slowed by cold attacks.


Message History

Unknown command.
Unknown command.
You completely miss the adder. You block the adder's attack.
The adder closely misses you.
You miss the adder.
Your tail-slap misses the adder.
* * * LOW HITPOINT WARNING * * *
You feel sick. You block the adder's attack. x2
You take 1 damage, and have 4/31 hp.
Unknown command.
Unknown command.
You closely miss the adder. The adder bites you but does no damage.
You closely miss the adder.
Your tail-slap misses the adder.
* * * LOW HITPOINT WARNING * * *
You feel sick. The adder bites you but does no damage.
The adder barely misses you.
You take 1 damage, and have 3/31 hp.
Unknown command.
Unknown command.
You closely miss the adder. The adder bites you.
You die...

#......#..........#
#...(...#.........#
#.......#.##..#####
#.......#.##..# ##≈≈≈≈≈≈≈
#######.#.##..###≈≈≈≈≈≈≈≈
##.......##≈≈≈≈≈≈≈≈≈
##....##.##≈≈≈≈≈≈≈≈≈≈
#.....##.#≈≈≈≈≈≈≈≈≈≈≈
#....>@S.#≈≈≈≈≈≈≈≈≈≈≈
#.....##.#≈≈≈≈≈≈≈♣..♣
######.....##.'........♣
#.......)..##.'........♣
#..........####≈≈≈≈≈≈≈♣..♣
### #..........#
#≈≈≈≈≈≈≈≈≈≈≈ ..#
#..........# #≈≈≈≈≈≈≈≈≈≈≈
..# #......#####
##≈≈≈≈≈≈≈≈≈≈ ..# #......#
##≈≈≈≈≈≈≈≈≈


You could see an adder.

Vanquished Creatures
  An adder (D:2)
  5 bats
  2 giant cockroaches
  4 goblins
  3 hobgoblins (D:2)
  2 jackals (D:1)
  3 kobolds
  A rat (D:2)
21 creatures vanquished.

Notes
Turn   | Place    | Note
-------+----------+-------------------------------------------
     0 | D:1      | DEFE the Draconian Fighter began the quest for the Orb.
     0 | D:1      | Reached XP level 1. HP: 19/19 MP: 1/1
   174 | D:1      | Reached XP level 2. HP: 23/26 MP: 2/2
   218 | D:1      | You fall into a shaft and drop 1 floor!
   726 | D:2      | Reached XP level 3. HP: 31/31 MP: 3/3
   890 | D:2      | Slain by an adder

Levels and vault maps discovered:
D:1:      lightli_arrival_quake, layout_loops_ring
D:2:      kennysheep_big_flooded_room, layout_basic, lemuel_round_altar

Skill      XL: |  1  2 |
---------------+-------+-----
Maces & Flails | 3 |  3.6
Fighting       | |  3.2
Dodging        | |  2.6
Shields        | |  3.0

Action                   || total
-------------------------++-------
Melee: Flail             ||    86
       Tailslap          ||     5
  Use: Potion            ||     2
 Stab: Sleeping          ||     1
Armor: Skin              ||    39
Dodge: Dodged            ||    53
Block: Shield            ||    51

Table legend:
 A = Non-vault XP
 B = Vault XP
 C = Vault XP percentage of total XP
 D = Non-vault monster count
 E = Vault monster count
 F = Vault count percentage of total count
                 A         B        C        D         E       F
            +---------+---------+-------+---------+---------+-------
      Total |      44 |       3 |   6.4 |      19 |       2 |   9.5
            +---------+---------+-------+---------+---------+-------
        D:1 |      16 |       0 |   0.0 |       9 |       0 |   0.0
        D:2 |      28 |       3 |   9.7 |      10 |       2 |  16.7
            +---------+---------+-------+---------+---------+-------
